 Dungeon Crawl Stone Soup version 0.14-a0-426-gb52781e (webtiles) character file.

62370 Infinimo the Executioner (level 14, -8/105 HPs)
             Began as a Minotaur Berserker on Oct 28, 2013.
             Was the Champion of Trog.
             Killed from afar by a fire drake (18 damage)
             ... with a blast of flame
             ... on Level 8 of the Lair of Beasts.
             The game lasted 00:40:45 (19063 turns).

Infinimo the Executioner (Minotaur Berserker)      Turns: 19063, Time: 00:40:45

HP  -8/105       AC 31     Str 25      XL: 14   Next: 60%
MP   1/1         EV  7     Int  8      God: Trog [******]
Gold 998         SH  0     Dex 13      Spells:  0 memorised, 13 levels left

Res.Fire  : . . .   See Invis. : .   K - +0,+8 executioner's axe (antimagic)
Res.Cold  : . . .   Warding    : .   g - +1 plate armour
Life Prot.: . . .   Conserve   : .   (no shield)
Res.Poison: +       Res.Corr.  : .   (helmet restricted)
Res.Elec. : .       Clarity    : .   o - +2 dwarf cloak
Sust.Abil.: . .     Spirit.Shd : .   B - +3 pair of gloves of Seefokh {Str+2 Dex+3}
Res.Mut.  : .       Stasis     : .   (no boots)
Res.Rott. : .       Flight     : .   n - amulet of rage
Saprovore : . . .                    S - cursed +4 ring of protection
                                     D - ring of poison resistance

@: somewhat resistant to hostile enchantments, extremely unstealthy
A: retaliatory headbutt, horns 2
a: Burn Spellbooks, Berserk, Trog's Hand, Brothers in Arms, Renounce Religion,
Evoke Berserk Rage


You were on level 8 of the Lair of Beasts.
You worshipped Trog.
Trog was exalted by your worship.
You were not hungry.

You visited 3 branches of the dungeon, and saw 21 of its levels.

You collected 1126 gold pieces.
You spent 148 gold pieces at shops.

Inventory:

Hand weapons
 r - a +0,+2 battleaxe of flaming
 K - a +0,+8 anti-magic executioner's axe (weapon)
Armour
 g - a +1 plate armour (worn)
 o - a +2 dwarven cloak (worn)
 B - the +3 pair of gloves of Seefokh (worn) {Str+2 Dex+3}
   (You bought it in a shop on level 5 of the Dungeon)

   It affects your strength (+2).
   It affects your dexterity (+3).
Magical devices
 f - a wand of cold (7)
 p - a wand of teleportation (3)
 w - a wand of teleportation (5)
 x - a wand of teleportation (4)
 L - a wand of polymorph (15)
 M - a wand of flame (10)
 O - a wand of disintegration (7)
Comestibles
 c - 6 bread rations
 k - 7 meat rations
 q - 2 chunks of elephant flesh
 s - 4 royal jellies
 z - 17 honeycombs
 C - a lemon
 F - a sausage
 H - a slice of pizza
 P - 12 sultanas
 T - 5 pears
 W - a strawberry
Scrolls
 a - 2 scrolls of blinking
 u - a scroll of remove curse
 I - 2 scrolls of teleportation
 J - a scroll of fog
Jewellery
 e - an uncursed ring of sustain abilities {unknown}
 h - an uncursed ring of fire
 n - an amulet of rage (around neck)
 y - an uncursed ring of protection from cold
 D - a ring of poison resistance (left hand)
 G - an uncursed amulet of resist corrosion
 S - a cursed +4 ring of protection (right hand)
 V - an uncursed ring of protection from cold
Potions
 b - a potion of strong poison {unknown}
 d - 3 potions of heal wounds
 i - 4 potions of restore abilities
 j - 13 potions of curing
 l - 5 potions of invisibility
 t - a potion of brilliance {unknown}
 v - 2 potions of might
 A - 2 potions of magic {unknown}
 E - a potion of degeneration {unknown}
 N - a potion of paralysis {unknown}
 Q - a potion of resistance {unknown}
 R - a potion of poison {unknown}
 Y - a potion of confusion {unknown}
 Z - 3 potions of flight
Miscellaneous
 m - a plain deck of dungeons


   Skills:
 - Level 3.6 Fighting
 * Level 22.8 Axes
 + Level 16.8 Armour
 - Level 2.1 Dodging


You had 13 spell levels left.
You didn't know any spells.

Dungeon Overview and Level Annotations

Branches:
Dungeon (12/27)            Temple (1/1) D:7             Orc (0/4) D:8
   Lair (8/8) D:9          Shoals (0/5) Lair:4        Snake (0/5) Lair:4
  Slime: Lair:6-8

Altars:
Ashenzari
Cheibriados
Elyvilon
Fedhas
Kikubaaqudgha
Makhleb
Nemelex Xobeh
Okawaru
Sif Muna
Trog
Vehumet
Xom
Yredelemnul
Zin
the Shining One

Shops:
D:5 [   D:7 =

Annotations:
Lair:6 exclusion: oklob plant


Innate Abilities, Weirdness & Mutations

You reflexively headbutt those who attack you in melee.
You have a pair of horns on your head.


Message History

The fire drake is moderately wounded.
You are engulfed in a cloud of scalding steam.
Your unstable footing causes you to fumble your attack.
You are engulfed in a cloud of scalding steam.
The fire drake breathes fire at you. The blast of flame hits you!
* * * LOW HITPOINT WARNING * * *
You are engulfed in a cloud of scalding steam.
The fire drake breathes fire at you. The blast of flame hits you!
* * * LOW HITPOINT WARNING * * *
You are engulfed in a cloud of scalding steam.
The fire drake breathes fire at you. The blast of flame hits you!
* * * LOW HITPOINT WARNING * * *
The fire drake breathes fire at you. The blast of flame hits you!
One of your 2 scrolls of remove curse catches fire!
One of your 3 scrolls of teleportation catches fire!
You die...

...........P# ≈♣♣
............# . .≈≈
............# ♣♣♣♣.. ♣
............##.♣.♣.. ♣♣♣
.....PPPP...##♣♣..♣♣♣ ≈≈≈≈
..###.PPPP...#♣.....♣♣♣≈≈≈(≈
P.#
###.PPP..#♣♣♣♣P.♣♣≈≈.P...
PP## ##......♣♣♣♣♣♣≈≈≈♣P.♣
...# ##.....≈.@♣§≈≈!♣♣...♣
...# #.##[.P≈≈≈§§l≈≈..P.♣♣
..## ##....≈≈♣♣.≈♣.♣P♣♣♣♣
...# ##...≈♣♣♣♣♣♣♣♣♣♣♣♣ .###
#...P♣P♣♣♣#♣#♣♣# ..P#
##..#### ..## ##.# .## ###
#... ..# #.....


There were no monsters in sight!

Vanquished Creatures
  Fannar (D:10)
  A ravenous feature mimic (Lair:6)
  4 hydras
  21 death yaks
  A catoblepas (Lair:8)
  2 hill giants
  Pikel (D:6)
  7 griffons
  A cyclops (D:11)
  6 black mambas
  12 elephants
  12 spiny frogs
  A fire drake (Lair:6)
  Grinder (D:6)
  6 komodo dragons
  A two-headed ogre (D:12)
  2 polar bears
  2 queen bees
  2 trolls
  7 basilisks
  8 blink frogs (Lair:8)
  A shadow (D:12)
  A water elemental (D:11)
  A hungry ghost (D:7)
  35 yaks
  5 sharks
  An elephant slug (Lair:4)
  14 wolves
  5 hippogriffs
  A steam dragon (Lair:8)
  A wyvern (Lair:8)
  2 nagas (Lair:6)
  2 sky beasts
  2 manticores
  2 orc warriors
  A yellow wasp (Lair:5)
  8 giant goldfish
  4 mottled dragons
  4 phantoms
  A slave (D:6)
  2 black bears
  16 porcupines
  7 centaurs
  3 ice beasts
  An ogre (D:7)
  3 big kobolds
  A griffon simulacrum (D:10)
  A boring beetle (Lair:8)
  17 crocodiles
  13 giant frogs
  2 giant slugs
  A silver statue (D:12)
  9 water moccasins
  8 agate snails
  An eye of draining (D:10)
  45 killer bees
  9 electric eels
  A hippogriff skeleton (D:9)
  5 wights (D:6)
  5 jellyfish
  15 crimson imps
  3 giant frog zombies
  A giant frog skeleton (D:5)
  5 goliath beetles
  7 big fish
  4 hounds
  7 orc priests
  A quasit (D:9)
  A jelly (D:9)
  5 orc wizards
  4 iguanas
  2 black bear skeletons
  4 scorpions
  13 sheep
  A shapeshifter simulacrum (D:10)
  10 worker ants
  Ijyb (D:7)
  A big kobold skeleton (D:10)
  2 hound skeletons
  A mummy (D:11)
  A worker ant zombie (D:5)
  55 green rats
  A lemure (D:12)
  14 adders
  4 giant centipedes
  A white imp (D:10)
  3 giant mites
  3 worms
  3 scorpion zombies
  2 adder skeletons (D:5)
  3 giant eyeballs
  5 giant geckos
  An ooze (D:1)
  32 orcs
  4 ball pythons
  3 giant cockroaches
  14 hobgoblins
  16 jackals
  9 quokkas
  A ball python skeleton (D:4)
  19 bats
  A giant gecko skeleton (D:6)
  A giant gecko zombie (D:5)
  9 giant newts
  2 giant spores
  A gnoll skeleton (D:4)
  13 goblins
  A goblin skeleton (D:5)
  A hobgoblin zombie (D:5)
  22 kobolds
  A kobold skeleton (D:4)
  A kobold zombie (D:5)
  An orc skeleton (D:6)
  An orc zombie (D:6)
  4 quokka skeletons
  A quokka zombie (D:5)
  15 rats
  A rat zombie (D:5)
  8 ballistomycetes
  2 butterflies (D:3)
  6 fungi
  2 plants
716 creatures vanquished.

Vanquished Creatures (others)
  A wizard (D:9)
  A slave (D:6)
  A killer bee (D:8)
  A centaur skeleton (D:4)
  A bat (Lair:3)
  2 giant spores
  A rat (D:8)
  3 fungi (Lair:8)
  8 plants
19 creatures vanquished.

Grand Total: 735 creatures vanquished

Notes
Turn   | Place    | Note
--------------------------------------------------------------
     0 | D:1      | Infinimo, the Minotaur Berserker, began the quest for the Orb.
     0 | D:1      | Reached XP level 1. HP: 19/19 MP: 0/0
   330 | D:1      | Reached skill level 4 in Axes
   626 | D:1      | Reached XP level 2. HP: 26/26 MP: 0/0
  1067 | D:2      | Acquired Trog's second power
  1142 | D:2      | Reached XP level 3. HP: 21/33 MP: 1/1
  1255 | D:2      | Reached skill level 5 in Axes
  1838 | D:3      | Found a sparkling altar of Nemelex Xobeh.
  2407 | D:3      | Reached XP level 4. HP: 39/39 MP: 1/1
  2568 | D:3      | Found a white marble altar of Elyvilon.
  2854 | D:4      | Reached skill level 7 in Axes
  2854 | D:4      | Reached XP level 5. HP: 38/46 MP: 1/1
  2967 | D:4      | Reached XP level 6. HP: 35/52 MP: 2/2
  3136 | D:4      | Reached skill level 5 in Armour
  3285 | D:4      | Noticed a giant frog
  3294 | D:4      | Killed a giant frog
  3294 | D:4      | Reached skill level 8 in Axes
  3450 | D:5      | Entered Level 5 of the Dungeon
  3516 | D:5      | Reached XP level 7. HP: 54/59 MP: 2/2
  3687 | D:5      | Acquired Trog's third power
  3824 | D:5      | Found Psocsob's Antique Armour Emporium.
  3834 | D:5      | Bought a pair of shimmering gloves for 148 gold pieces
  3838 | D:5      | Identified the +3 pair of gloves of Seefokh {Str+2 Dex+3} (You bought it in a shop on level 5 of the Dungeon)
  3902 | D:5      | Reached skill level 9 in Axes
  3988 | D:6      | Noticed Grinder
  3997 | D:6      | Killed Grinder
  3997 | D:6      | Reached skill level 10 in Axes
  3997 | D:6      | Reached XP level 8. HP: 48/66 MP: 2/2
  4233 | D:6      | Reached skill level 11 in Axes
  4447 | D:6      | Noticed Pikel
  4494 | D:6      | Killed Pikel
  4494 | D:6      | Reached skill level 12 in Axes
  4494 | D:6      | Reached XP level 9. HP: 57/72 MP: 3/3
  4636 | D:7      | Identified a -2 rod of striking (6/6) (You found it on level 7 of the Dungeon)
  4666 | D:7      | Noticed Ijyb
  4674 | D:7      | Killed Ijyb
  4835 | D:7      | Found a shattered altar of Ashenzari.
  4889 | D:7      | Found Kututaoq's Jewellery Shoppe.
  5079 | D:7      | Found a staircase to the Ecumenical Temple.
  5185 | D:7      | Reached skill level 13 in Axes
  5342 | Temple   | Entered the Ecumenical Temple
  5788 | D:8      | Received a gift from Trog
  5822 | D:8      | Found a staircase to the Orcish Mines.
  5967 | D:8      | Reached skill level 14 in Axes
  6006 | D:8      | Reached skill level 10 in Armour
  6006 | D:8      | Reached XP level 10. HP: 79/79 MP: 3/3
  6259 | D:8      | Found a snail-covered altar of Cheibriados.
  6658 | D:9      | Reached skill level 15 in Axes
  6865 | D:9      | Found a staircase to the Lair.
  6923 | D:9      | Found a bloodstained altar of Trog.
  6923 | D:9      | Noticed a wizard
  6930 | D:9      | Killed a wizard
  7261 | D:9      | Reached skill level 16 in Axes
  7261 | D:9      | Reached XP level 11. HP: 84/84 MP: 3/3
  7655 | D:10     | Entered Level 10 of the Dungeon
  8311 | D:10     | Noticed Fannar
  8322 | D:10     | Killed Fannar
  8432 | D:10     | Received a gift from Trog
  8601 | D:10     | Noticed a hill giant
  8608 | D:10     | Killed a hill giant
  8608 | D:10     | Reached skill level 17 in Axes
  9146 | D:11     | Noticed a hill giant
  9153 | D:11     | Killed a hill giant
  9602 | D:12     | Noticed a seven-headed hydra
  9616 | D:12     | Killed a four-headed hydra
  9657 | D:12     | Reached skill level 18 in Axes
  9863 | D:12     | Reached XP level 12. HP: 61/92 MP: 1/4
 10382 | D:12     | Received a gift from Trog
 11321 | Lair:1   | Entered Level 1 of the Lair of Beasts
 13071 | Lair:2   | Received a gift from Trog
 13397 | Lair:2   | Reached skill level 19 in Axes
 13767 | Lair:3   | Identified a scroll of acquirement
 13770 | Lair:3   | Got a pair of encrusted gloves
 13776 | Lair:3   | Identified the -3 pair of gloves of Leor {Acc+4 Dam+4} (You acquired it on level 3 of the Lair of Beasts)
 14357 | Lair:4   | Noticed a five-headed hydra
 14365 | Lair:4   | Killed a one-headed hydra
 14489 | Lair:4   | Found a staircase to the Shoals.
 14605 | Lair:4   | Reached skill level 20 in Axes
 14617 | Lair:4   | Received a gift from Trog
 14638 | Lair:4   | Reached XP level 13. HP: 66/97 MP: 1/4
 14908 | Lair:4   | Found a staircase to the Snake Pit.
 15285 | Lair:5   | Got a fine sapphire amulet
 15496 | Lair:5   | Identified the amulet of the Thistle {Stasis Str-4} (You found it on level 5 of the Lair of Beasts)
 15871 | Lair:6   | Received a gift from Trog
 16150 | Lair:6   | Found a staircase to the Snake Pit.
 16175 | Lair:6   | the staircase to the Snake Pit was a mimic.
 16271 | Lair:6   | Reached skill level 15 in Armour
 16642 | Lair:7   | Reached skill level 21 in Axes
 16650 | Lair:7   | Received a gift from Trog
 17266 | Lair:8   | Entered Level 8 of the Lair of Beasts
 17906 | Lair:8   | Received a gift from Trog
 17906 | Lair:8   | Reached XP level 14. HP: 102/105 MP: 1/4
 18113 | Lair:8   | Reached skill level 22 in Axes
 18955 | Lair:8   | Received a gift from Trog
 19063 | Lair:8   | Killed from afar by a fire drake

Action                   |  1- 3 |  4- 6 |  7- 9 | 10-12 | 13-15 || total
-------------------------+-------+-------+-------+-------+-------++-------
Melee: Hand axe          |   108 |   119 |       |       |       ||   227
       War axe           |       |    13 |    49 |       |       ||    62
       Broad axe         |       |       |   222 |       |       ||   222
       Battleaxe         |       |       |    19 |   290 |    10 ||   319
       Executioner's axe |       |       |       |   460 |   528 ||   988
Invok: Berserk           |       |     1 |     3 |     6 |     7 ||    17
       Trog's Hand       |       |       |     1 |     1 |     1 ||     3
Evoke: Wand              |       |       |     4 |     6 |       ||    10
  Use: Scroll            |     8 |     5 |    11 |     7 |     2 ||    33
       Potion            |       |     1 |     1 |     1 |     4 ||     7
 Stab: Petrifying        |       |       |       |       |     1 ||     1
